Map: Arctic Dream LE

Players

A.I. 3 (Medium)

  • Race: Protoss Protoss
  • Spawn Location: 11:00

A.I. 2 (Medium)

  • Race: Terran Terran
  • Spawn Location: 12:00

SlushyStar - Winner!

  • Race: Protoss Protoss
  • Spawn Location: 6:00

Throwfordays - Winner!

  • Race: Zerg Zerg
  • League: Silver
  • Spawn Location: 5:00

VOD

Have the link to the VOD?

Description

Time

  • Played on: Sept. 11, 2020, 11:44 a.m.
  • Length: 10:48
Show
View Real Time Build Order
Export as new Build Order

A.I. 3 (Medium) Protoss 

Build Orders:  

Get SALT Encoding   

  12  0:01  Probe  
  13  0:13  Probe  
  14  0:20  Pylon  
  14  0:25  Probe  
  15  0:34  Probe  
  15  0:42  Probe  
  16  0:47  Assimilator  
  17  0:50  Gateway  
  17  0:52  Probe  
  18  0:59  Pylon  
  18  1:29  Gateway  
  18  1:35  Assimilator  
  18  1:44  Cybernetics Core  
  18  1:45  Zealot  
  20  2:04  Pylon  
  20  2:15  Zealot  
  22  2:23  Warp Gate  
  22  2:36  Adept  
  24  2:49  Adept  
  24  2:54  Pylon  
  26  3:11  Stalker  
  26  3:12  Probe  
  29  3:24  Probe  
  29  3:26  Adept  
  30  3:30  Pylon  
  32  3:36  Probe  
  33  3:45  Adept  
  33  3:47  Forge  
  33  3:48  Probe  
  36  4:00  Probe  
  36  4:02  Adept  
  39  4:12  Probe  
  40  4:19  Adept  
  42  4:30  Probe  
  42  4:36  Adept  
  44  5:23  Probe  
  44  5:45  Probe  
  44  6:09  Probe  
  44  6:24  Probe  
  44  6:28  Stalker  
  44  6:30  Pylon  
  44  6:32  Photon Cannon  
  47  6:34  Nexus, Robotics Facility  
  47  6:39  Stargate  
  39  6:41  Sentry  
  39  6:44  Twilight Council  
  39  6:46  Gateway  
  37  6:50  Forge  
  37  6:51  Photon Cannon  
  37  6:54  Stalker  
  37  7:07  Stalker  
  39  7:16  Observer  
  39  7:20  Sentry  
  32  7:32  Zealot  
  32  7:33  Observer  
  31  7:45  Zealot  
  31  7:47  Probe  
  31  7:50  Probe  
  35  7:56  Pylon  
  35  7:57  Pylon  
  35  7:58  Stalker  
  35  7:59  Probe  
  35  8:02  Probe  
  39  8:11  Sentry, Probe  
  42  8:14  Probe  
  42  8:18  Photon Cannon  
  43  8:21  Photon Cannon, Probe  
  43  8:24  Sentry  
  43  8:26  Probe  
  47  8:29  Probe  
  48  8:37  Adept  
  48  8:38  Probe x2  
  52  8:46  Probe  
  52  8:50  Stalker  
  52  8:52  Probe  
  52  8:54  Probe  
  47  9:04  Probe  
  47  9:08  Immortal  
  35  9:20  Adept  
  33  9:25  Probe  
  33  9:26  Probe  
  27  9:33  Zealot  
  27  9:37  Probe  
  26  9:43  Probe  
  23  9:49  Probe  
  29  9:54  Sentry  
  23  10:02  Stargate  
  17  10:14  Assimilator  
  15  10:23  Probe  
  16  10:35  Probe  
Show
View Real Time Build Order
Export as new Build Order

A.I. 2 (Medium) Terran 

Build Orders:  

Get SALT Encoding   

  12  0:01  SCV  
  13  0:13  SCV  
  14  0:18  Supply Depot  
  14  0:25  SCV  
  15  0:39  SCV  
  15  0:41  Barracks  
  16  0:47  Refinery  
  16  0:51  SCV  
  17  1:04  SCV  
  18  1:18  Supply Depot  
  18  1:28  Marine, Orbital Command  
  19  1:33  Barracks  
  19  1:41  Refinery  
  19  1:47  Barracks Tech Lab  
  19  2:04  Marine  
  19  2:07  Supply Depot  
  20  2:22  Marine  
  20  2:25  Marine  
  20  2:29  SCV  
  23  2:40  Marine  
  23  2:41  SCV  
  23  2:42  Engineering Bay  
  23  2:43  Marine  
  26  2:53  SCV  
  27  2:58  Marauder  
  27  3:01  Supply Depot  
  27  3:05  SCV  
  30  3:17  SCV  
  33  3:20  Marauder  
  33  3:29  SCV  
  36  3:41  Marauder  
  36  5:05  Barracks Tech Lab  
  36  5:06  SCV  
  36  5:07  Factory  
  37  5:10  Factory  
  37  5:11  Supply Depot  
  37  5:13  Missile Turret  
  37  5:15  Missile Turret  
  37  5:18  SCV, Barracks  
  38  5:34  Sensor Tower  
  38  5:37  Supply Depot  
  38  5:39  Bunker  
  38  5:48  Marine  
  38  5:53  Starport, Command Center  
  38  5:54  Factory Tech Lab x2  
  37  6:02  Marine  
  36  6:09  Marine  
  34  6:14  SCV  
  34  6:17  Hellion  
  31  6:24  Marine  
  13  6:26  SCV  
  13  6:31  Marine  
  13  6:38  SCV  
  13  6:39  Hellion  
  14  6:51  SCV  
  8  6:57  Sensor Tower  
  8  6:59  Barracks Tech Lab  
  8  7:05  SCV  
  6  7:13  Siege Tank  
  8  7:16  Starport  
  8  7:17  SCV  
  8  7:20  Marine  
  7  7:29  SCV  
Show
View Real Time Build Order
Export as new Build Order

SlushyStar Protoss - Winner!

Build Orders:  

Get SALT Encoding   

  12  0:07  Probe  
  13  0:51  Pylon  
  13  1:00  Pylon  
  13  1:17  Assimilator  
  13  1:27  Probe  
  14  1:39  Probe  
  15  1:42  Gateway  
  15  1:51  Probe  
  16  2:00  Pylon  
  16  2:03  Probe  
  16  2:06  Pylon  
  17  2:15  Probe  
  18  2:16  Pylon  
  18  2:27  Probe  
  19  2:31  Forge, Zealot  
  21  2:39  Probe  
  22  2:50  Assimilator  
  22  2:51  Probe  
  25  2:58  Zealot  
  25  3:04  Probe  
  26  3:16  Probe  
  27  3:25  Zealot  
  29  3:28  Probe  
  29  3:30  Cybernetics Core  
  30  3:35  Protoss Ground Armor Level 1  
  30  3:40  Probe  
  31  4:03  Photon Cannon  
  31  4:15  Stalker  
  33  4:20  Probe  
  34  4:33  Probe  
  35  4:47  Pylon  
  35  5:04  Probe  
  36  5:16  Probe  
  37  5:28  Probe  
  30  6:11  Zealot  
  31  6:38  Zealot  
  31  7:05  Zealot  
  33  7:14  Nexus  
  33  7:27  Pylon  
  33  7:32  Zealot  
  35  7:43  Shield Battery  
  35  7:59  Zealot  
  37  8:17  Pylon  
  37  8:23  Pylon  
  37  8:26  Zealot  
  39  8:27  Pylon  
  39  8:31  Pylon  
  39  8:34  Pylon  
  39  8:37  Protoss Shields Level 1  
  39  8:44  Warp Gate  
  39  8:53  Zealot  
  41  9:00  Assimilator  
  41  9:20  Stalker  
  43  9:50  Stalker  
Show
View Real Time Build Order
Export as new Build Order

Throwfordays Zerg - Winner!

Build Orders: Hatch First, Zergling Baneling 

Get SALT Encoding   

  12  0:01  Drone  
  13  0:12  Overlord  
  13  0:18  Drone  
  14  0:32  Drone x2  
  16  0:50  Hatchery  
  16  0:53  Drone  
  16  1:09  Spawning Pool  
  15  1:12  Drone  
  16  1:19  Overlord  
  16  1:26  Extractor  
  16  1:27  Drone  
  16  1:29  Drone  
  17  1:36  Drone  
  18  1:54  Drone  
  18  1:55  Queen  
  21  2:07  Zergling x2  
  21  2:08  Zergling x2  
  23  2:10  Zergling x2  
  23  2:12  Queen  
  26  2:17  Overlord  
  26  2:29  Zergling x4  
  28  2:32  Zergling x2  
  28  2:37  Zergling x2  
  30  2:39  Overlord  
  30  2:44  Metabolic Boost  
  30  2:52  Drone  
  30  2:53  Baneling Nest  
  30  3:04  Drone x2  
  30  3:05  Extractor  
  31  3:07  Drone x2  
  33  3:13  Drone x2  
  33  3:15  Drone  
  36  3:40  Zergling x8  
  40  3:55  Baneling x3  
  40  3:57  Baneling  
  40  3:58  Baneling x4  
  40  4:02  Zergling x8  
  43  4:03  Zergling x2  
  43  4:05  Overlord  
  44  4:11  Overlord x2  
  44  4:18  Lair  
  44  4:33  Zergling x2  
  44  4:34  Zergling x6  
  48  4:39  Drone x3  
  48  4:41  Drone  
  51  5:05  Zergling x8  
  55  5:09  Drone x3  
  55  5:12  Drone x2  
  55  5:13  Drone  
  61  5:16  Centrifical Hooks  
  61  5:36  Baneling x2  
  61  5:37  Baneling x10  
  61  6:12  Zergling x6  
  61  6:13  Zergling x6  
  61  6:15  Zergling x2  
  61  6:16  Overlord x4  
  61  6:17  Overlord  
  52  7:02  Drone  
  52  7:03  Drone x2  
  52  7:07  Zergling x8  
  52  7:08  Zergling x2  
  58  7:20  Extractor  
  53  7:25  Extractor  
  49  7:46  Baneling x11  
  49  7:47  Baneling x7  
  49  7:50  Zergling x6  
  49  7:51  Zergling x4  
  54  7:54  Zergling x10  
  59  8:12  Zergling x4  
  61  8:15  Zergling x2  
  61  8:16  Zergling x2  
  63  8:20  Zergling x6  
  63  8:21  Zergling x2  
  63  8:23  Zergling x2  
  68  8:27  Zergling x6  
  71  8:40  Hatchery  
  58  9:36  Zergling x10  
  58  9:37  Zergling x2  
  63  9:39  Zergling x2  
  63  9:40  Zergling x8  
Tags
 
Add a new tag
Caveats
  • Supply blocks, unpowered buildings, or Contaminate may cause inaccurate times.
  • Supply counts are checked every 10 seconds.